 Dungeon Crawl Stone Soup version 0.27-a0-1196-g3e9cee4cb2 (webtiles) character file.

Game seed: 11391725140741276535

18435 tilp the Basher (level 12, -7/92 HPs)
             Began as a Barachi Summoner on May 27, 2021.
             Was a High Priest of Okawaru.
             Mangled by a very large slime creature (12 damage)
             ... on level 8 of the Dungeon.
             The game lasted 00:45:23 (21258 turns).

tilp the Basher (Barachi Summoner)                 Turns: 21258, Time: 00:45:24

Health: -7/92      AC: 12    Str: 23    XL:     12   Next: 58%
Magic:  8/21       EV: 15    Int: 16    God:    Okawaru [*****.]
Gold:   876        SH:  0    Dex: 13    Spells: 3/23 levels left

rFire    x . .     SeeInvis .   a - +10 morningstar "Imp's Nightmare" {flame, rN+ Will- Str+4}
rCold    + . .     Faith    +   (no shield)
rNeg     + . .     Spirit   .   i - +0 troll leather armour
rPois    +         Reflect  .   q - +1 helmet
rElec    .         Harm     .   O - +2 cloak {rPois}
rCorr    .         Rampage  .   e - +0 pair of gloves
Will     .....                  L - +0 pair of boots
Stlth    ++++......             R - amulet of Nidd {Faith Str+5}
HPRegen  1.25/turn              Q - ring of ice
MPRegen  0.17/turn              j - ring of willpower

@: heroic, studying Invocations, slow
A: amphibious, slowness 1, strong legs 1, +LOS
a: Hop, Renounce Religion, Heroism, Finesse


You were on level 8 of the Dungeon.
You worshipped Okawaru.
Okawaru was extremely pleased with you.
You visited 2 branches of the dungeon, and saw 14 of its levels.
You also visited: Sewer, Ossuary and Bailey.

You collected 1380 gold pieces.
You spent 504 gold pieces at shops.

Inventory:

Hand Weapons
 a - the +10 morningstar "Imp's Nightmare" (weapon) {flame, rN+ Will- Str+4}
   (You took it off a gnoll sergeant on level 7 of the Dungeon)

   It has been specially enchanted to burn those struck by it, causing extra
   injury to most foes and up to half again as much damage against particularly
   susceptible opponents.
   It affects your strength (+4).
   It protects you from negative energy.
   It decreases your willpower.
 N - a +0 glaive
 X - a +4 great mace of holy wrath
 Y - a +2 trident of flaming
 Z - a +5 morningstar of protection
Missiles
 m - 22 boomerangs
 p - 12 curare-tipped darts
 z - 66 poisoned darts (quivered)
 M - 3 atropa-tipped darts
Armour
 e - a +0 pair of gloves (worn)
 i - a +0 troll leather armour (worn)
 q - a +1 helmet (worn)
 v - a +0 cloak of willpower
 L - a +0 pair of boots (worn)
 O - a +2 cloak of poison resistance (worn)
 W - +0 steam dragon scales
Jewellery
 g - a ring of fire
 h - a +6 ring of strength
 j - a ring of willpower (right hand)
 l - a ring of see invisible
 o - a +6 ring of dexterity
 Q - a ring of ice (left hand)
 R - the amulet of Nidd (around neck) {Faith Str+5}
   (You took it off a centaur on level 7 of the Dungeon)

   [amulet of faith]

   It allows you to gain divine favour quickly.
   It affects your strength (+5).
 T - the amulet of the Four Winds {rN+ Will+++ Clar}
   (You took it off a gnoll sergeant on level 7 of the Dungeon)

   [amulet of nothing]

   It protects you from negative energy.
   It protects you against confusion.
   It greatly increases your willpower.
Wands
 d - a wand of digging (3)
 f - a wand of acid (22)
 t - a wand of paralysis (4)
 G - a wand of iceblast (10)
 S - a wand of polymorph (4)
 U - a wand of mindburst (9)
Scrolls
 b - a scroll of fear
 x - 9 scrolls of teleportation
 B - a scroll of fog
 E - a scroll of enchant armour
 F - 3 scrolls of holy word
 J - a scroll of brand weapon
Potions
 c - 3 potions of brilliance
 k - 6 potions of lignification
 n - 3 potions of magic
 r - a potion of ambrosia {unknown}
 s - 4 potions of flight
 u - 3 potions of might
 A - 7 potions of mutation
 C - a potion of attraction {unknown}
 D - 2 potions of invisibility
 H - 2 potions of cancellation {unknown}
 I - 4 potions of heal wounds
 K - 3 potions of haste
 P - 8 potions of curing
Miscellaneous
 w - a phial of floods


   Skills:
 - Level 8.0(13.0) Fighting
 + Level 12.8(17.8) Maces & Flails
 - Level 4.0(9.0) Dodging
 - Level 4.0(9.0) Stealth
 - Level 6.0 Spellcasting
 - Level 12.0 Summonings
 - Level 4.0 Ice Magic
 - Level 4.0 Air Magic
 - Level 6.0 Invocations
 - Level 4.0 Evocations


You had 3 spell levels left.
You knew the following spells:

 Your Spells              Type           Power      Damage    Failure   Level
a - Summon Small Mammal   Summ           100%       N/A       1%          1
b - Call Imp              Summ           43%        N/A       1%          2
c - Call Canine Familiar  Summ           43%        N/A       1%          3
d - Summon Guardian Gole  Hex/Summ       24%        N/A       3%          3
e - Summon Ice Beast      Ice/Summ       45%        N/A       5%          4
f - Summon Lightning Spi  Summ/Air       30%        N/A       5%          4
g - Ozocubu's Armour      Ice            26%        N/A       9%          3

Your spell library contained the following spells:

 Spells                   Type           Power      Damage    Failure   Level
 Freeze                   Ice            100%       1d11      3%          1
 Frozen Ramparts          Ice            52%        1d7       9%          3
 Confusing Touch          Hex            4%         N/A       41%         3
 Gell's Gravitas          Tloc           2%         N/A       41%         3
 Hailstorm                Conj/Ice       16%        3d6       54%         4
 Monstrous Menagerie      Summ           21%        N/A       67%         7
 Petrify                  Tmut/Erth      4%         N/A       83%         4
 Metabolic Englaciation   Hex/Ice        8%         N/A       88%         5
 Yara's Violent Unravell  Hex/Tmut       2%         3d3       99%         5
 Haunt                    Necr/Summ      12%        N/A       100%        7
 Malign Gateway           Summ/Tloc      12%        N/A       100%        7
 Summon Horrible Things   Summ           21%        N/A       100%        8


Dungeon Overview and Level Annotations

Branches:
Dungeon (13/15)            Temple (1/1) D:7            Lair (0/6) D:9
    Orc (0/2) D:9           Sewer (visited)         Ossuary (visited)
 Bailey (visited)
 Vaults: D:13-14

Altars:
Ashenzari
Cheibriados
Dithmenos
Elyvilon
Fedhas
Gozag
Hepliaklqana
Kikubaaqudgha
Makhleb
Nemelex Xobeh
Okawaru
Qazlal
Ru
Sif Muna
Trog
Uskayaw
Vehumet
Wu Jian
Xom
Yredelemnul
Zin
The Shining One
Jiyva

Shops:
D:1 *

Annotations:
D:7 1 transporter
D:8 Nico3ck's ghost, novice FoWz
D:10 1 runed translucent door, Erolcha


Innate Abilities, Weirdness & Mutations

You are amphibious.
You cover ground slowly.
You can hop short distances.
You have an extended range of vision and can be seen from far away.


Message History

Your lightning spire shoots out a bolt of lightning at the very large slime creature!
The bolt of electricity hits the very large slime creature.
The bolt of electricity hits Nico3ck's ghost!
Casting: Summon Lightning Spire (dangerous; 6% risk of failure)
Confirm with . or Enter, or press ? or * to list all spells.
You feel a surge of power! A chill wind blows around you.
The jelly hits your ice beast.
Your ice beast is splashed with acid!
The acid corrodes your ice beast!
Unknown command.
Casting: Summon Ice Beast (dangerous; 6% risk of failure)
Confirm with . or Enter, or press ? or * to list all spells.
You feel a surge of power! A chill wind blows around you.
The very large slime creature closely misses you.
The jelly hits your ice beast.
Your ice beast is splashed with acid.
Your ice beast seems to be corroded for longer.
Your ice beast hits the jelly.
Your ice beast freezes the jelly!
Your ice beast is burned by acid!
You puncture the very large slime creature!
You burn the very large slime creature.
The very large slime creature is lightly wounded.
The very large slime creature hits you!!!
The jelly barely misses your ice beast.
Unknown command.
You gain the combat prowess of a mighty hero.
Your ice beast hits the jelly.
The jelly dies!
Okawaru accepts your kill.
Your ice beast hits the very large slime creature.
Your ice beast freezes the very large slime creature!
The very large slime creature hits you!!!
Ouch! That really hurt!
* * * LOW HITPOINT WARNING * * *
Nico3ck's ghost says, "Ah, a second chance to prove myself in battle!"
You barely miss the very large slime creature.
The very large slime creature is moderately wounded.
Your ice beast hits the very large slime creature.
Your ice beast freezes the very large slime creature!!
Your ice beast barely misses the very large slime creature.
The very large slime creature hits you!
You die...

...............#.....#..#########
[..........##....................
.##.##...#.####.##'##############
...........# #.#........☼.°.....
.#.###...#.# #.#################
.#.###...#.# #.#........°§......
.........#.# #.#################
...#####.#.# #...8...........##.
...........####.@YY...##......##.
...............##JJ'####.......#.
...#####.#....##JW...###.......#.
##.#####.#.####.......#..........
#..........####.......#....####..
#.............#.......#..........
...........#####../..##....###...
#..........######[_.##...........
#[..............#####............


You could see a very large slime creature (ally target), 2 jellies, Nico3ck's
ghost, 2 friendly ice beasts and a friendly lightning spire (summoned).

Vanquished Creatures
  Snorg (D:11)
  2 hydras
  2 two-headed ogres
  An orc sorcerer (Bailey)
  An ugly thing (D:11)
  A cyclops (D:10)
  2 kobold demonologists
  Maggie (D:9)
  A komodo dragon (D:9)
  3 trolls
  Prince Ribbit (D:7)
  2 hornets
  A wyvern (D:9)
  A wraith (D:11)
  11 yaks
  A water moccasin (Sewer)
  8 orc warriors
  An ice beast (D:7)
  A black bear (D:5)
  A sky beast (D:7)
  A necrophage (D:5)
  2 wolves (D:9)
  6 centaurs
  A phantom (D:7)
  3 kobold brigands
  A nameless horror (D:7)
  3 bullfrogs
  A gnoll sergeant (D:7)
  2 scorpions
  6 killer bees (D:10)
  5 howler monkeys (D:11)
  5 electric eels (Bailey)
  11 wights
  A jelly (D:5)
  A bullfrog skeleton (D:7)
  A hound (D:7)
  A human zombie (Ossuary)
  8 orc priests
  A human skeleton (D:10)
  3 iguanas
  10 orc wizards
  2 killer bee zombies
  A hound zombie (D:5)
  A hound skeleton (D:4)
  3 mummies (Ossuary)
  2 howler monkey zombies
  2 gnolls (Bailey)
  2 adders
  An ufetubus (D:5)
  An adder zombie (Ossuary)
  60 orcs
  4 bats
  8 endoplasms
  3 giant cockroaches
  2 gnoll zombies (Ossuary)
  11 goblins
  12 hobgoblins
  5 jackals
  2 quokkas
  4 ball pythons
  2 frilled lizards (D:1)
  20 kobolds
  An orc zombie (Ossuary)
  5 rats
270 creatures vanquished.

Vanquished Creatures (collateral kills)
  4 hydras
  2 two-headed ogres (D:7)
  An orc knight (Bailey)
  A deep elf pyromancer (D:7)
  A cyclops (D:11)
  A troll (D:10)
  Grinder (D:3)
  The ghost of gruber the Magician, an amateur DjWz (D:4)
  A slime creature (D:7)
  Sigmund (D:2)
  A yak (D:10)
  2 steam dragons (D:7)
  Grum (D:9)
  Menkaure (D:6)
  8 orc warriors
  A sky beast (D:7)
  An ice beast (D:7)
  2 ogres
  6 centaurs
  A kobold brigand (D:7)
  A bullfrog (D:7)
  A scorpion (D:7)
  A water moccasin skeleton (D:6)
  A hound (D:7)
  A jelly (D:8)
  A centaur skeleton (D:4)
  Jessica (D:3)
  2 iguanas
  An orc wizard (D:7)
  A hound zombie (Ossuary)
  A mummy (Ossuary)
  A howler monkey skeleton (D:6)
  2 adders
  A gnoll (Bailey)
  2 shadow imps
  3 worms
  A dart slug (D:3)
  17 orcs
  3 endoplasms
  5 goblins
  6 hobgoblins
  A jackal (D:4)
  2 quokkas (D:1)
  A ball python (D:1)
  4 bats (Sewer)
  2 frilled lizards
  2 goblin zombies (Ossuary)
  A hobgoblin zombie (Ossuary)
  A jackal zombie (Ossuary)
  4 kobolds
  A kobold zombie (Ossuary)
  An orc zombie (Ossuary)
111 creatures vanquished.

Vanquished Creatures (others)
  A troll (D:7)
  25 plants (D:9)
26 creatures vanquished.

Grand Total: 407 creatures vanquished

Notes
Turn   | Place    | Note
-------+----------+-------------------------------------------
     0 | D:1      | tilp the Barachi Summoner began the quest for the Orb.
     0 | D:1      | Reached XP level 1. HP: 13/13 MP: 3/3
   112 | D:1      | Reached skill level 1 in Fighting
   291 | D:1      | Reached XP level 2. HP: 15/22 MP: 3/5
   511 | D:1      | Learned a level 2 spell: Call Imp
  1099 | D:1      | Reached XP level 3. HP: 21/29 MP: 4/6
  1190 | D:1      | Learned a level 3 spell: Call Canine Familiar
  1406 | D:1      | Found Uneemuw's General Store.
  1418 | D:1      | Bought a scroll of identify for 28 gold pieces
  1433 | D:2      | Noticed Sigmund
  1692 | D:2      | Reached skill level 5 in Summonings
  2129 | D:3      | Noticed Jessica
  2153 | D:3      | Killed Jessica
  2154 | D:3      | Reached XP level 4. HP: 12/35 MP: 1/8
  2613 | D:3      | Noticed Grinder
  2631 | D:3      | Killed Grinder
  2632 | D:3      | Reached XP level 5. HP: 32/41 MP: 1/9
  2895 | D:3      | Found a faded altar of an unknown god.
  3204 | D:4      | Found a runed translucent gate.
  3204 | D:4      | Found a runed translucent gate.
  3204 | D:4      | Found a runed translucent gate.
  3205 | D:4      | Noticed gruber's ghost (amateur DjWz)
  3295 | D:4      | Noticed an ogre
  3310 | D:4      | Killed an ogre
  3311 | D:4      | Reached XP level 6. HP: 29/48 MP: 4/10
  3412 | D:4      | Found a glowing drain.
  3543 | Sewer    | Entered a sewer
  3632 | Sewer    | Noticed a water moccasin
  3644 | Sewer    | Killed a water moccasin
  4287 | D:4      | Reached skill level 1 in Evocations
  4287 | D:4      | Reached XP level 7. HP: 48/54 MP: 8/11
  4448 | D:4      | Found a glowing golden altar of the Shining One.
  4505 | D:4      | Killed gruber's ghost
  4786 | D:5      | Entered Level 5 of the Dungeon
  4830 | D:5      | Found a sand-covered staircase.
  4863 | Ossuary  | Entered an ossuary
  5794 | D:5      | Reached XP level 8. HP: 43/60 MP: 9/13
  5982 | D:5      | HP: 1/90 [centaur (6)]
  7017 | D:5      | Found a radiant altar of Vehumet.
  7203 | D:5      | Learned a level 3 spell: Summon Guardian Golem
  8048 | D:7      | Reached skill level 5 in Fighting
  8167 | D:7      | Noticed Prince Ribbit
  8198 | D:7      | Killed Prince Ribbit
  8568 | D:6      | Learned a level 4 spell: Summon Ice Beast
  8592 | D:7      | Found a staircase to the Ecumenical Temple.
  8661 | D:7      | Reached skill level 1 in Ice Magic
  8819 | Temple   | Entered the Ecumenical Temple
  8957 | Temple   | Became a worshipper of Warmaster Okawaru
  9175 | D:7      | Noticed a five-headed hydra
  9182 | D:7      | Killed a five-headed hydra
  9182 | D:7      | Reached * piety under Okawaru
  9183 | D:7      | Reached skill level 5 in Spellcasting
  9183 | D:7      | Reached XP level 9. HP: 69/69 MP: 12/17
  9186 | D:7      | Noticed a troll
  9194 | D:7      | Killed a troll
  9682 | D:7      | Noticed Menkaure
  9691 | D:7      | HP: 2/69 [steam dragon/ball of steam (15)]
  9702 | D:7      | HP: 3/69 [something/ball of steam (11)]
 10375 | D:6      | Killed Menkaure
 10376 | D:6      | Reached skill level 1 in Invocations
 10780 | D:7      | Found a stormy altar of Qazlal.
 11108 | D:7      | Reached ** piety under Okawaru
 11140 | D:7      | Identified the +10 morningstar "Imp's Nightmare" {flame,
                  | rN+ Will- Str+4}
 11151 | D:7      | Noticed a two-headed ogre
 11571 | D:7      | Reached skill level 10 in Summonings
 12053 | D:7      | Noticed a deep elf pyromancer
 12196 | D:7      | Identified the amulet of Nidd {Faith Str+5}
 12312 | D:7      | Learned a level 4 spell: Summon Lightning Spire
 12338 | D:7      | Killed a deep elf pyromancer
 12339 | D:7      | Reached XP level 10. HP: 76/76 MP: 7/19
 12366 | D:7      | Noticed a two-headed ogre
 12373 | D:7      | Killed a two-headed ogre
 12373 | D:7      | Reached *** piety under Okawaru
 12528 | D:7      | Killed a two-headed ogre
 12784 | D:7      | Found a shadowy altar of Dithmenos.
 12785 | D:7      | Found a shadowy altar of Dithmenos.
 12785 | D:7      | Found a glowing silver altar of Zin.
 13006 | D:7      | Found a sparkling altar of Nemelex Xobeh.
 13006 | D:7      | Found a transporter.
 13006 | D:7      | Noticed a centaur warrior
 13427 | D:8      | Reached **** piety under Okawaru
 13431 | D:8      | Paralysed by a hornet for 2 turns
 13869 | D:8      | Reached skill level 1 in Maces & Flails
 14161 | D:8      | Found a white marble altar of Elyvilon.
 14239 | D:8      | Found a runed translucent gate.
 14239 | D:8      | Found a runed translucent gate.
 14240 | D:8      | Found a runed translucent gate.
 14242 | D:8      | Found a viscous altar of Jiyva.
 14242 | D:8      | Noticed Nico3ck's ghost (novice FoWz)
 14519 | D:8      | Learned a level 3 spell: Ozocubu's Armour
 14724 | D:2      | Killed Sigmund
 15075 | D:1      | Bought a scroll of enchant armour for 105 gold pieces
 15075 | D:1      | Bought a potion of invisibility for 112 gold pieces
 15075 | D:1      | Bought a +2 cloak of poison resistance for 259 gold pieces
 15892 | D:9      | Found a staircase to the Orcish Mines.
 15991 | D:9      | Reached skill level 5 in Maces & Flails
 16208 | D:9      | Noticed Maggie
 16221 | D:9      | Noticed Grum
 16222 | D:9      | Killed Maggie
 16223 | D:9      | Reached XP level 11. HP: 76/81 MP: 8/20
 16224 | D:9      | Reached ***** piety under Okawaru
 16229 | D:9      | Killed Grum
 16554 | D:9      | Found a glowing silver altar of Zin.
 16714 | D:9      | Received a gift from Okawaru
 16715 | D:9      | Reached skill level 5 in Invocations
 16897 | D:9      | Found a staircase to the Lair.
 17267 | D:10     | Entered Level 10 of the Dungeon
 17410 | D:10     | Noticed a cyclops
 17430 | D:10     | Killed a cyclops
 17617 | D:10     | Found a runed translucent door.
 17620 | D:10     | Found a basalt altar of Yredelemnul.
 17639 | D:10     | Noticed Erolcha
 18329 | D:11     | Noticed a four-headed hydra
 18337 | D:11     | Killed a four-headed hydra
 18396 | D:11     | Noticed a two-headed ogre
 18400 | D:11     | Killed a two-headed ogre
 18400 | D:11     | Received a gift from Okawaru
 18482 | D:11     | You fall into a shaft and drop 2 floors!
 18487 | D:12     | Noticed a four-headed hydra
 18494 | D:12     | Killed a four-headed hydra
 18571 | D:12     | Noticed a two-headed ogre
 18579 | D:12     | Killed a two-headed ogre
 18580 | D:12     | Reached skill level 10 in Maces & Flails
 18655 | D:11     | Found a flagged portal.
 18656 | D:11     | Noticed Snorg
 18671 | D:11     | Killed Snorg
 18672 | D:11     | Reached XP level 12. HP: 22/92 MP: 11/21
 18737 | Bailey   | Entered a bailey
 18957 | Bailey   | Found an iron altar of Okawaru.
 19075 | Bailey   | Paralysed by an orc sorcerer for 2 turns
 19196 | Bailey   | Acquired 497 gold pieces
 19197 | Bailey   | Acquired a Grand Grimoire
 19387 | Bailey   | Reached ****** piety under Okawaru
 19614 | Bailey   | Received a gift from Okawaru
 20102 | D:11     | Noticed a five-headed hydra
 20114 | D:11     | Killed a five-headed hydra
 20229 | D:11     | Noticed a seven-headed hydra
 20236 | D:11     | Killed a seven-headed hydra
 20512 | D:11     | Noticed a seven-headed hydra
 20534 | D:11     | Killed a seven-headed hydra
 21080 | D:8      | Identified the +0 ring mail of Neup {Int-3 Dex+4 Stlth+}
 21257 | D:8      | HP: 4/92 [very large slime creature (46)]
 21258 | D:8      | Mangled by a very large slime creature

Illustrated notes

Levels and vault maps discovered:
D:1:      lightli_arrival_windingriver, layout_rooms, serial_shops,
          nicolae_shop_window_shopping
D:2:      layout_rooms, hangedman_decor_points, kennysheep_generic_room_15,
          uniq_sigmund
D:3:      layout_basic, shapermc_ecumenical_altar_flowoftime, uniq_jessica,
          uniq_grinder
D:4:      layout_loops_corners, tso_altar, ebering_ghost_rock_garden,
          cheibrodos_sewer_entry_bend
D:5:      layout_basic, kennysheep_mini, lightli_ossuary_entry_decrepit_ruins
D:6:      layout_cave_pools, corexii_shack
D:7:      minmay_the_grid_octo_tiled_squarecenter
          [minmay_the_grid_octo_vomiting_pacman, minmay_the_grid_octo_shrine,
          minmay_the_grid_octo_pinwheel, minmay_the_grid_octo_clover,
          minmay_the_grid_square_5x5_megaprize_checkered,
          minmay_the_grid_square_5x5_inverted_slash,
          minmay_the_grid_square_5x5_corner, minmay_the_grid_square_5x5_three,
          minmay_the_grid_square_5x5_bite], layout_layer_cave,
          grunt_nemelex_the_gamble, lightli_church_of_beogh, uniq_menkaure,
          uniq_prince_ribbit1
D:8:      lemuel_ice_spiral_2, layout_basic, elyvilon_altar_1,
          gammafunk_ghost_ooze
D:9:      layout_irregular_city, overflow_temple_1_default, david_lair_shrubbed,
          hiddenorc2_lemuel, uniq_grum, uniq_maggie
D:10:     layout_cave_pools, dk_yredelemnul_ordeal, nrook_uturn,
          amcnicky_mini_pool_small, minmay_misc_feat_pillars,
          mrwooster_statue_mirror, uniq_erolcha
D:11:     layout_roguey, enter_bailey_5, minmay_starry_boxes, uniq_snorg
D:12:     layout_basic, gammafunk_ghost_spectres, kennysheep_cluttered_room,
          nicolae_gozag_seed_capital
D:13:     layout_gridville, lightli_vaults_fourway_checkpoint, serial_shops,
          shop
Temple:   nicolae_temple_elliptical

Skill      XL: |  1  2  3  4  5  6  7  8  9 10 11 12 |
---------------+-------------------------------------+-----
Fighting       | 2 3 4 6 8 |  8.0
Summonings     | 5 6 9 10 12 | 12.0
Spellcasting   | 3 5 6 |  6.0
Stealth        | 2 4 |  4.0
Dodging        | 3 4 |  4.0
Evocations     | 1 4 |  4.0
Ice Magic      | 4 |  4.0
Invocations    | 4 6 |  6.0
Air Magic      | 2 4 |  4.0
Maces & Flails | 6 10 12 | 12.8

Action                   |  1- 3 |  4- 6 |  7- 9 | 10-12 || total
-------------------------+-------+-------+-------+-------++-------
Melee: Dagger            |   134 |   146 |   331 |     5 ||   616
       Morningstar       |       |       |       |   433 ||   433
Throw: Dart              |       |       |    10 |     4 ||    14
 Cast: Summon Small Mamm |    22 |     2 |       |       ||    24
       Call Imp          |    11 |    10 |    28 |       ||    49
       Call Canine Famil |     3 |     9 |    42 |     3 ||    57
       Summon Ice Beast  |       |       |    21 |    67 ||    88
       Summon Guardian G |       |       |     1 |       ||     1
       Ozocubu's Armour  |       |       |       |     1 ||     1
       Summon Lightning  |       |       |       |    12 ||    12
Invok: Heroism           |       |       |       |     2 ||     2
 Abil: Hop               |       |       |     5 |     3 ||     8
Evoke: Wand              |       |       |     7 |     6 ||    13
  Use: Scroll            |     5 |     2 |     6 |    15 ||    28
       Potion            |     1 |       |     3 |       ||     4
 Stab: Sleeping          |     1 |     1 |     2 |     9 ||    13
       Distracted        |     1 |       |     5 |     5 ||    11
Armor: Leather armour    |    27 |       |       |       ||    27
       Ring mail         |    34 |    57 |   145 |       ||   236
       Troll leather arm |       |       |    24 |   237 ||   261
Dodge: Dodged            |    95 |    91 |   269 |   427 ||   882

Table legend: (Time is in decaauts)
 A = Elapsed time spent in this place.
 B = Non-inter-level travel time spent in this place.
 C = Inter-level travel time spent in this place.
 D = Time resting spent in this place.
 E = Time spent auto-exploring this place.
 F = Levels seen in this place.
 G = Mean time per level.
                   A        B        C        D        E       F      G
               +--------+--------+--------+--------+--------+-----+--------+
         Total |  23188 |  21792 |   1396 |   7702 |   9710 |  17 | 1364.0 |
       Dungeon |  20901 |  19566 |   1335 |   6923 |   8974 |  13 | 1607.8 |
        Temple |    203 |    142 |     61 |      0 |    140 |   1 |  203.0 |
         Sewer |    200 |    200 |      0 |      0 |    138 |   1 |  200.0 |
       Ossuary |    497 |    497 |      0 |    105 |    279 |   1 |  497.0 |
        Bailey |   1386 |   1386 |      0 |    674 |    177 |   1 | 1386.0 |
               +--------+--------+--------+--------+--------+-----+--------+

Top non-repeatable levels by time:
     D:7: 4600 daAuts
     D:6: 2623 daAuts
     D:1: 2055 daAuts
     D:5: 2042 daAuts
     D:4: 1791 daAuts
     D:8: 1659 daAuts
     D:9: 1651 daAuts
  Bailey: 1386 daAuts
    D:11: 1281 daAuts
     D:3: 1174 daAuts
    D:10: 1157 daAuts
     D:2: 727 daAuts
 Ossuary: 497 daAuts
  Temple: 203 daAuts
   Sewer: 200 daAuts
